 Dungeon Crawl Stone Soup version 0.22.1-2-g9c5b331 (webtiles) character file.

64 teukkam the Covered (level 3, 0/33 HPs)
             Began as a Minotaur Fighter on Dec 20, 2018.
             Was an Initiate of Gozag.
             Killed by divine providence
             ... invoked by an orc priest
              (12 damage)
             ... on level 3 of the Dungeon.
             The game lasted 00:05:11 (1108 turns).

teukkam the Covered (Minotaur Fighter)              Turns: 1108, Time: 00:05:13

Health: 0/33       AC:  7    Str: 23    XL:     3   Next: 91%
Magic:  2/2        EV:  7    Int:  5    God:    Gozag
Gold:   93         SH:  9    Dex:  9    Spells: 2/2 levels left

rFire    . . .     SeeInvis .   a - +0 war axe
rCold    . . .     Gourm    .   c - +0 shield
rNeg     . . .     Faith    .   i - +0 scale mail
rPois    .         Spirit   .   (helmet restricted)
rElec    .         Reflect  .   (no cloak)
rCorr    .         Harm     .   (no gloves)
MR       .....                  (no boots)
Stlth    ..........             (no amulet)
HPRegen  0.11/turn              n - +2 ring of strength
MPRegen  0.08/turn              (no ring)

@: no status effects
A: retaliatory headbutt, horns 2
a: Potion Petition, Call Merchant, Bribe Branch, Renounce Religion


You were on level 3 of the Dungeon.
You worshipped Gozag.
Gozag was noncommittal.
You were not hungry.

You visited 1 branch of the dungeon, and saw 3 of its levels.

You collected 93 gold pieces.

Inventory:

Hand Weapons
 a - a +0 war axe (weapon)
 b - a +0 hunting sling
Missiles
 g - 40 sling bullets
 j - 80 stones (quivered)
Armour
 c - a +0 shield (worn)
 i - a +0 scale mail (worn)
Jewellery
 n - a +2 ring of strength (left hand)
Scrolls
 e - 2 scrolls of teleportation {unknown}
 h - a scroll of identify {unknown}
 m - a scroll of fear {unknown}
Potions
 d - a potion of might
 k - a potion of lignification {unknown}
 l - a potion of heal wounds {unknown}
Comestibles
 f - a ration


   Skills:
 + Level 4.2 Fighting
 + Level 3.2 Axes
 + Level 0.5 Slings
 + Level 4.2 Armour
 + Level 4.2 Shields


You had 2 spell levels left.
You didn't know any spells.
Your spell library was empty.

Dungeon Overview and Level Annotations

Branches:
Dungeon (3/15)

Altars:
Gozag


Innate Abilities, Weirdness & Mutations

You reflexively headbutt those who attack you in melee.
You have a pair of horns on your head.


Message History

21 gold pieces; a club x2
You closely miss the orc priest.
The orc priest is almost dead.
You barely miss the orc. You hit the orc.
The orc is distracted by the nearby gold. x2
The orc priest is distracted by the nearby gold.
You barely miss the orc priest.
The orc priest is no longer distracted by gold.
The orc priest shouts!
The orc shouts!
Your headbutt misses the orc priest.
The orc priest is almost dead.
You barely miss the orc.
The orc is no longer distracted by gold.
You hit the orc.
The orc is no longer distracted by gold.
The orc completely misses you. The orc hits you with a club.
The orc priest calls down the wrath of Beogh upon you.
Beogh smites you!
You die...
Your body crumbles into a pile of gold.

..... .... #..### ..##.
####.... #
#.....###......# ...
##.....##.. #...##....
###.........###o$o..g...
#.:.........#(..@o...#
.$...........(.$#[####
..............###.##
....................
#.....<.....[......
##...#....#...#..##. ##.
#..#...#...%# .# #
#...#..####...# .
........# (#>.


You could see an orc priest, 2 orcs and a goblin.

Vanquished Creatures
  Robin (D:2)
  An adder (D:3)
  A worm (D:2)
  7 orcs (D:3)
  2 giant cockroaches
  12 goblins
  3 hobgoblins
  A quokka (D:2)
  4 rats
32 creatures vanquished.

Notes
Turn   | Place    | Note
-------+----------+-------------------------------------------
     0 | D:1      | teukkam the Minotaur Fighter began the quest for the Orb.
     0 | D:1      | Reached XP level 1. HP: 19/19 MP: 0/0
    88 | D:1      | You fall through a shaft!
   127 | D:2      | Found a faded altar of an unknown god.
   143 | D:2      | Reached XP level 2. HP: 19/27 MP: 1/1
   169 | D:2      | Noticed Robin
   202 | D:2      | Killed Robin
   202 | D:2      | Reached XP level 3. HP: 5/33 MP: 2/2
   475 | D:2      | Became a worshipper of Gozag Ym Sagoz the Greedy
  1108 | D:3      | Killed from afar by an orc priest

Skill      XL: |  1  2 |
---------------+-------+-----
Fighting       | 4 |  4.2
Axes           | 3 |  3.2
Armour         | 4 |  4.2
Shields        | 4 |  4.2
Slings         | |  0.5

Action                   || total
-------------------------++-------
Melee: War axe           ||    61
       Headbutt          ||     4
 Fire: Hunting sling     ||     4
  Eat: Ration            ||     1
Armor: Scale mail        ||    29
Dodge: Dodged            ||    16
Block: Shield            ||    27
